Jets vs Oilers

Created - 24 septembre 2019 at 17:00

Simulating a Pre-Season

Goals
1 2 3 T
Jets 3 1 0 4
Oilers 3 3 0 6
Shots
1 2 3 T
Jets 12 8 13 33
Oilers 13 13 14 40

1st period

1. Oilers , Erik Condra 1 (Tyler Motte 1, Aaron Ekblad 2) at 6:18
2. Oilers , Evgeni Dadonov 2 (Seth Jones 1, Aaron Ekblad 3) at 7:14
3. Jets , Nathan MacKinnon 1 (Jonathan Ericsson 1, Zach Aston-Reese 2) at 7:25
4. Jets , Alex Galchenyuk 2 (Colton Sissons 1) at 7:54
5. Oilers , Connor McDavid 3 (Evgeni Dadonov 2, Aaron Ekblad 4) at 16:45
6. Jets , Jimmy Vesey 1 (Nathan MacKinnon 2, Zach Aston-Reese 3) at 17:41

Penalties :
Jonathan Ericsson (WIN) for Elbowing (Minor) at 2:33

2nd period

7. Oilers , Ryan Johansen 1 (Connor McDavid 1, Evgeni Dadonov 3) at 2:21
8. Jets , Filip Chytil 1 (Troy Brouwer 2, Josh Manson 1) at 9:40
9. Oilers , Seth Jones 1 (Jordan Eberle 1) at 15:02 (PP)
10. Oilers , Ryan Johansen 2 (Connor McDavid 2, Evgeni Dadonov 4) at 18:30

Penalties :
Nathan MacKinnon (WIN) for Cross-checking (Minor) at 14:29

3rd period

No Goal

Penalties :
Aaron Ekblad (EDM) for High sticking (Minor) at 6:47

Goalie Stats

Jonathan Bernier (WIN), 14 saves from 14 shots - (1,000), 21:30 minutes
MacKenzie Blackwood (WIN), 20 saves from 26 shots - (0,769), L, 0-1-0, 38:30 minutes
Ryan Miller (EDM), 29 saves from 33 shots - (0,879), W, 1-1-1, 60:00 minutes

Players Stats for Jets

Player Name              G  A  P  +/- PIM S  H  SB GA TA FO     MP     PP MP  PK MP  
------------------------------------------------------------------------------------
Alex Galchenyuk          1  0  1   0  0   6  1  1  2  0  0/1    16:31   0:58   0:18 
Brett Ritchie            0  0  0   0  0   0  1  0  0  0  0/0     8:18   0:00   0:00 
Colton Sissons           0  1  1   0  0   1  5  0  1  2  5/16   17:46   1:01   1:38 
Filip Chytil             1  0  1   0  0   2  0  0  0  0  1/3     8:14   0:00   0:07 
Janne Kuokkanen          0  0  0  -1  0   4  1  0  2  1  3/4    12:59   0:23   0:00 
Jimmy Vesey              1  0  1   0  0   4  1  0  0  1  1/2    20:56   0:38   0:47 
Jonathan Ericsson        0  1  1  -2  2   0  2  2  0  0  0/0    24:04   0:00   0:33 
Josh Manson              0  1  1   1  0   0  4  1  0  0  0/0    19:52   0:42   0:38 
Josh Morrissey           0  0  0  -2  0   1  0  1  0  1  0/0    25:50   1:17   1:21 
Mark Pysyk               0  0  0   1  0   0  0  1  0  1  0/0    20:22   0:00   1:54 
Matt Hunwick             0  0  0   0  0   0  1  0  0  0  0/0    15:24   1:17   0:38 
Nate Prosser             0  0  0   0  0   2  0  0  0  0  0/0    14:31   0:42   0:00 
Nathan MacKinnon         1  1  2   0  2   3  1  2  2  0  16/33  20:05   0:42   0:00 
Troy Brouwer             0  1  1  -1  0   3  1  0  0  0  0/0    13:55   0:39   0:36 
Troy Terry               0  0  0   0  0   0  0  1  0  0  0/0     8:18   0:00   0:00 
Victor Olofsson          0  0  0  -1  0   3  0  0  2  0  0/2    12:36   0:00   0:00 
Wayne Simmonds           0  0  0   0  0   1  1  0  0  1  0/0    16:02   0:58   0:00 
Zach Aston-Reese         0  2  2   0  0   3  2  2  0  0  1/2    21:43   0:38   1:38 

Players Stats for Oilers

Player Name              G  A  P  +/- PIM S  H  SB GA TA FO     MP     PP MP  PK MP  
------------------------------------------------------------------------------------
Aaron Ekblad             0  3  3   4  2   5  2  3  0  2  0/0    26:45   1:48   0:00 
Connor McDavid           1  2  3   3  0   6  0  1  1  0  17/32  23:21   1:35   0:48 
Conor Sheary             0  0  0   0  0   0  0  0  0  0  0/0    13:14   0:00   0:43 
Erik Condra              1  0  1  -1  0   3  2  0  0  0  0/0     8:30   0:00   0:00 
Evgeni Dadonov           1  3  4   4  0   5  0  0  1  0  1/4    20:23   1:35   0:29 
Jordan Eberle            0  1  1  -2  0   1  3  2  1  1  0/0    17:06   0:57   0:00 
Justin Abdelkader        0  0  0  -2  0   1  1  2  0  2  0/1    17:06   0:57   0:00 
Marc-Edouard Vlasic      0  0  0  -2  0   1  1  1  0  0  0/0    19:07   0:44   1:11 
Marco Scandella          0  0  0  -2  0   0  0  0  0  0  0/0    19:19   0:44   0:44 
Mike Reilly              0  0  0  -1  0   0  1  1  0  0  0/0    13:28   0:00   0:48 
Nathan Gerbe             0  0  0   0  0   1  1  0  1  0  0/0     3:30   0:00   0:00 
Nico Hischier            0  0  0  -2  0   4  2  1  2  1  9/12   17:41   0:57   0:35 
Oliver Bjorkstrand       0  0  0   0  0   0  0  2  0  0  0/0    13:19   0:00   0:00 
Ryan Johansen            2  0  2   4  0   7  0  0  1  0  3/3    20:59   1:35   1:01 
Seth Jones               1  1  2   4  0   3  1  0  0  1  0/0    27:51   1:48   1:09 
Tyler Motte              0  1  1  -1  0   2  3  0  0  0  2/5     8:52   0:00   0:22 
Vince Dunn               0  0  0  -1  0   0  0  0  0  1  0/0    13:33   0:00   0:06 
Zemgus Girgensons        0  0  0   0  0   1  2  0  0  1  4/6    13:56   0:00   0:00 

3 Stars

1 - Evgeni Dadonov (EDM)
2 - Ryan Johansen (EDM)
3 - Connor McDavid (EDM)

Power Play

Jets - 0 on 1 Attempt(s) - 0,00%
Oilers - 1 on 2 Attempt(s) - 50,00%

Penalty Kill

Jets - 1 on 2 Attempt(s) - 50,00% - Score 0 goal in Penalty Kill
Oilers - 1 on 1 Attempt(s) - 100,00% - Score 0 goal in Penalty Kill

Team Stat

Jets - Hits : 21 - Faceoff Wins : 27 - Blocked Shots : 11 - Penalty Minutes : 4
Oilers - Hits : 19 - Faceoff Wins : 36 - Blocked Shots : 13 - Penalty Minutes : 2

Official

Referees : Unknown
Linesman : Unknown

Game Notes

Nathan Gerbe is injured at 2:09 of 2nd period (Abdomen/Ribs)
Jonathan Bernier enters game at 18:30 of 2nd period

Jets

5 vs 5 Forward 
   Center                   Left Wing                Right Wing               Time % Phy DF OF 
 1 Nathan MacKinnon         Jimmy Vesey              Zach Aston-Reese         40     0   2  3  
 2 Colton Sissons           Alex Galchenyuk          Wayne Simmonds           34     1   2  2  
 3 Janne Kuokkanen          Victor Olofsson          Troy Brouwer             17     1   2  1  
 4 Filip Chytil             Troy Terry               Brett Ritchie            9      2   3  0  

5 vs 5 Defense 
   Defense                  Defense                                           Time % Phy DF OF 
 1 Josh Morrissey           Jonathan Ericsson                                 35     1   2  2  
 2 Josh Manson              Mark Pysyk                                        33     1   2  2  
 3 Matt Hunwick             Nate Prosser                                      22     1   2  2  
 4 Josh Morrissey           Jonathan Ericsson                                 10     1   2  2  

PowerPlay Forward 
   Center                   Left Wing                Right Wing               Time % Phy DF OF 
 1 Nathan MacKinnon         Alex Galchenyuk          Wayne Simmonds           53     0   0  5  
 2 Colton Sissons           Jimmy Vesey              Zach Aston-Reese         47     0   0  5  

PowerPlay Defense
   Defense                  Defense                                           Time % Phy DF OF 
 1 Josh Morrissey           Matt Hunwick                                      60     0   0  5  
 2 Josh Manson              Nate Prosser                                      40     0   1  4  

Penalty Kill 4 Players Forward 
   Center                   Wing                     Time % Phy DF OF 
 1 Colton Sissons           Zach Aston-Reese         60     1   4  0  
 2 Troy Brouwer             Jimmy Vesey              40     1   4  0  

Penalty Kill 4 Players Defense
   Defense                  Defense                  Time % Phy DF OF 
 1 Jonathan Ericsson        Mark Pysyk               60     1   4  0  
 2 Josh Manson              Josh Morrissey           40     1   4  0  

Penalty Kill - 3 Players Forward 
   Forward                                           Time % Phy DF OF 
 1 Colton Sissons                                    60     0   5  0  
 2 Zach Aston-Reese                                  40     0   5  0  

Penalty Kill - 3 Players Defense
   Defense                  Defense                  Time % Phy DF OF 
 1 Josh Manson              Nate Prosser             60     0   5  0  
 2 Jonathan Ericsson        Josh Morrissey           40     0   5  0  

4 vs 4 Forward 
   Center                   Wing                     Time % Phy DF OF 
 1 Janne Kuokkanen          Troy Terry               50     1   2  2  
 2 Filip Chytil             Victor Olofsson          50     1   2  2  

4 vs 4 Defense
   Defense                  Defense                  Time % Phy DF OF 
 1 Nate Prosser             Matt Hunwick             60     1   2  2  
 2 Josh Manson              Mark Pysyk               40     1   2  2  

Last Minutes Offensive
   Center                   Left Wing                Right Wing               Defense                  Defense                  
   Nathan MacKinnon         Wayne Simmonds           Victor Olofsson          Josh Morrissey           Josh Manson              

Last Minutes Defensive
   Center                   Left Wing                Right Wing               Defense                  Defense                  
   Colton Sissons           Zach Aston-Reese         Troy Brouwer             Josh Manson              Jonathan Ericsson        

Goaltenders
Starting : MacKenzie Blackwood      
Backup : Jonathan Bernier         

Extra Forwards
Normal : Zach Aston-Reese, Troy Terry, Brett Ritchie - PP : Troy Brouwer, Janne Kuokkanen - PK : Troy Brouwer
Extra Defensemen
Normal : Josh Morrissey, Josh Manson, Matt Hunwick - PP : Nate Prosser - PK : Josh Morrissey, Matt Hunwick
Penalty Shots
Victor Olofsson, Nathan MacKinnon, Troy Terry, Alex Galchenyuk, Janne Kuokkanen
Custom OT Lines Forwards
Alex Galchenyuk, Nathan MacKinnon, Jimmy Vesey, Wayne Simmonds, Zach Aston-Reese, Colton Sissons, Janne Kuokkanen, Victor Olofsson, Troy Brouwer, Troy Terry
Custom OT Lines Defensemen
Josh Morrissey, Mark Pysyk, Josh Manson, Matt Hunwick, Nate Prosser

Scratches
Martin Hanzal (Healthy), Anthony Louis (Healthy), Craig Anderson (Healthy)

Oilers

5 vs 5 Forward 
   Center                   Left Wing                Right Wing               Time % Phy DF OF 
 1 Connor McDavid           Evgeni Dadonov           Ryan Johansen            40     1   2  2  
 2 Nico Hischier            Justin Abdelkader        Jordan Eberle            30     1   2  2  
 3 Zemgus Girgensons        Conor Sheary             Oliver Bjorkstrand       20     1   2  2  
 4 Tyler Motte              Nathan Gerbe             Erik Condra              10     1   2  2  

5 vs 5 Defense 
   Defense                  Defense                                           Time % Phy DF OF 
 1 Seth Jones               Aaron Ekblad                                      40     1   2  2  
 2 Marc-Edouard Vlasic      Marco Scandella                                   30     1   2  2  
 3 Vince Dunn               Mike Reilly                                       20     1   2  2  
 4 Seth Jones               Aaron Ekblad                                      10     1   2  2  

PowerPlay Forward 
   Center                   Left Wing                Right Wing               Time % Phy DF OF 
 1 Connor McDavid           Evgeni Dadonov           Ryan Johansen            60     1   2  2  
 2 Nico Hischier            Justin Abdelkader        Jordan Eberle            40     1   2  2  

PowerPlay Defense
   Defense                  Defense                                           Time % Phy DF OF 
 1 Seth Jones               Aaron Ekblad                                      60     1   2  2  
 2 Marc-Edouard Vlasic      Marco Scandella                                   40     1   2  2  

Penalty Kill 4 Players Forward 
   Center                   Wing                     Time % Phy DF OF 
 1 Connor McDavid           Ryan Johansen            60     1   2  2  
 2 Evgeni Dadonov           Nico Hischier            40     1   2  2  

Penalty Kill 4 Players Defense
   Defense                  Defense                  Time % Phy DF OF 
 1 Seth Jones               Aaron Ekblad             60     1   2  2  
 2 Marc-Edouard Vlasic      Marco Scandella          40     1   2  2  

Penalty Kill - 3 Players Forward 
   Forward                                           Time % Phy DF OF 
 1 Connor McDavid                                    60     1   2  2  
 2 Ryan Johansen                                     40     1   2  2  

Penalty Kill - 3 Players Defense
   Defense                  Defense                  Time % Phy DF OF 
 1 Seth Jones               Aaron Ekblad             60     1   2  2  
 2 Marc-Edouard Vlasic      Marco Scandella          40     1   2  2  

4 vs 4 Forward 
   Center                   Wing                     Time % Phy DF OF 
 1 Connor McDavid           Ryan Johansen            60     1   2  2  
 2 Evgeni Dadonov           Nico Hischier            40     1   2  2  

4 vs 4 Defense
   Defense                  Defense                  Time % Phy DF OF 
 1 Seth Jones               Aaron Ekblad             60     1   2  2  
 2 Marc-Edouard Vlasic      Marco Scandella          40     1   2  2  

Last Minutes Offensive
   Center                   Left Wing                Right Wing               Defense                  Defense                  
   Connor McDavid           Evgeni Dadonov           Ryan Johansen            Seth Jones               Aaron Ekblad             

Last Minutes Defensive
   Center                   Left Wing                Right Wing               Defense                  Defense                  
   Connor McDavid           Evgeni Dadonov           Ryan Johansen            Seth Jones               Aaron Ekblad             

Goaltenders
Starting : Ryan Miller              
Backup : Thatcher Demko           

Extra Forwards
Normal : Zemgus Girgensons, Oliver Bjorkstrand, Conor Sheary - PP : Zemgus Girgensons, Oliver Bjorkstrand - PK : Conor Sheary
Extra Defensemen
Normal : Vince Dunn, Mike Reilly, Marc-Edouard Vlasic - PP : Vince Dunn - PK : Mike Reilly, Marc-Edouard Vlasic
Penalty Shots
Connor McDavid, Ryan Johansen, Evgeni Dadonov, Nico Hischier, Jordan Eberle
Custom OT Lines Forwards
Connor McDavid, Ryan Johansen, Evgeni Dadonov, Nico Hischier, Jordan Eberle, Justin Abdelkader, Zemgus Girgensons, Oliver Bjorkstrand, Conor Sheary, Tyler Motte
Custom OT Lines Defensemen
Seth Jones, Aaron Ekblad, Marc-Edouard Vlasic, Marco Scandella, Vince Dunn

Scratches
Zach Trotman (Healthy), Cameron Gaunce (Healthy), Thomas Greiss (Suspend)

% Time on Ice - Jets

Lines # - Real PCT - Wanted PCT - Time Play
Normal Forward
1 - 35% - 40% - 19:35
2 - 27% - 34% - 15:11
3 - 23% - 17% - 12:36
4 - 15% - 9% - 8:07
Normal Defense
1 - 35% - 35% - 19:28
2 - 33% - 33% - 18:32
3 - 24% - 22% - 13:04
4 - 8% - 10% - 4:25
PP Forward
1 - 49% - 53% - 0:58
2 - 51% - 47% - 1:01
PP Defense
1 - 65% - 60% - 1:17
2 - 35% - 40% - 0:42
PK Forward
1 - 76% - 60% - 1:56
2 - 24% - 40% - 0:36
PK Defense
1 - 75% - 60% - 1:54
2 - 25% - 40% - 0:38
PK3 Forward
1 - 0% - 60%
2 - 0% - 40%
PK3 Defense
1 - 0% - 60%
2 - 0% - 40%
44 Forward
1 - 0% - 50%
2 - 0% - 50%
44 Defense
1 - 0% - 60%
2 - 0% - 40%
Last Minute Offensive  - 0:00
Last Minute Defensive  - 0:00
Total
Forward - 60:00
Defense - 60:00

% Time on Ice - Oilers

Lines # - Real PCT - Wanted PCT - Time Play
Normal Forward
1 - 33% - 40% - 18:35
2 - 29% - 30% - 16:09
3 - 22% - 20% - 12:15
4 - 15% - 10% - 8:30
Normal Defense
1 - 38% - 40% - 21:12
2 - 32% - 30% - 17:51
3 - 23% - 20% - 12:40
4 - 7% - 10% - 3:46
PP Forward
1 - 63% - 60% - 1:35
2 - 38% - 40% - 0:57
PP Defense
1 - 71% - 60% - 1:48
2 - 29% - 40% - 0:44
PK Forward
1 - 76% - 60% - 1:30
2 - 24% - 40% - 0:29
PK Defense
1 - 63% - 60% - 1:15
2 - 37% - 40% - 0:44
PK3 Forward
1 - 0% - 60%
2 - 0% - 40%
PK3 Defense
1 - 0% - 60%
2 - 0% - 40%
44 Forward
1 - 0% - 60%
2 - 0% - 40%
44 Defense
1 - 0% - 60%
2 - 0% - 40%
Last Minute Offensive  - 0:00
Last Minute Defensive  - 0:00
Total
Forward - 60:00
Defense - 60:00

Play-by-Play

1st period


0:01 of 1st period - Connor McDavid wins face-off versus Nathan MacKinnon in neutral zone.
0:11 of 1st period - Snap shot by Jimmy Vesey.
0:11 of 1st period - Shot Misses the Net.
0:30 of 1st period - Snap shot by Colton Sissons.
0:30 of 1st period - Shot Blocked by Aaron Ekblad.
1:49 of 1st period - Nate Prosser is hit by Justin Abdelkader and loses puck.
2:12 of 1st period - Wrist shot by Filip Chytil.
2:12 of 1st period - Shot Misses the Net.
2:14 of 1st period - Slapshot by Brett Ritchie.
2:14 of 1st period - Shot Misses the Net.
2:16 of 1st period - Slapshot by Nate Prosser.
2:16 of 1st period - Stopped by Ryan Miller with a rebound.
2:18 of 1st period - Snap shot by Nate Prosser.
2:18 of 1st period - Stopped by Ryan Miller with a rebound.
2:33 of 1st period - Minor Penalty to Jonathan Ericsson for Elbowing.
2:34 of 1st period - Connor McDavid wins face-off versus Colton Sissons in Jets zone.
2:41 of 1st period - Slapshot by Aaron Ekblad.
2:41 of 1st period - Shot Blocked by Josh Morrissey.
2:43 of 1st period - Wrist shot by Aaron Ekblad.
2:43 of 1st period - Stopped by MacKenzie Blackwood with a rebound.
2:45 of 1st period - Slapshot by Aaron Ekblad.
2:45 of 1st period - Deflect By Colton Sissons.
2:45 of 1st period - Stopped by MacKenzie Blackwood without a rebound.
2:46 of 1st period - Connor McDavid wins face-off versus Zach Aston-Reese in Jets zone.
3:33 of 1st period - Ryan Johansen is hit by Josh Manson and loses puck.
4:33 of 1st period - Penalty to Jonathan Ericsson is over, Jonathan Ericsson is back on ice.
4:48 of 1st period - Slapshot by Oliver Bjorkstrand.
4:48 of 1st period - Shot Blocked by Troy Terry.
5:10 of 1st period - Off-side.
5:11 of 1st period - Tyler Motte wins face-off versus Victor Olofsson in neutral zone.
5:43 of 1st period - Josh Morrissey is hit by Tyler Motte and loses puck.
6:12 of 1st period - Slapshot by Seth Jones.
6:12 of 1st period - Shot Blocked by Jonathan Ericsson.
6:14 of 1st period - Wrist shot by Erik Condra.
6:14 of 1st period - Shot Hit the Post.
6:16 of 1st period - Slapshot by Aaron Ekblad.
6:16 of 1st period - Deflect By Tyler Motte.
6:16 of 1st period - Stopped by MacKenzie Blackwood with a rebound.
6:18 of 1st period - Slapshot by Erik Condra.
6:18 of 1st period - Goal by Erik Condra - Jets : 0 - Oilers : 1.
6:19 of 1st period - Nathan MacKinnon wins face-off versus Evgeni Dadonov in neutral zone.
6:44 of 1st period - Seth Jones is hit by Colton Sissons.
7:04 of 1st period - Slapshot by Ryan Johansen.
7:04 of 1st period - Stopped by MacKenzie Blackwood with a rebound.
7:06 of 1st period - Slapshot by Aaron Ekblad.
7:06 of 1st period - Stopped by MacKenzie Blackwood with a rebound.
7:08 of 1st period - Snap shot by Ryan Johansen.
7:08 of 1st period - Shot Misses the Net.
7:10 of 1st period - Snap shot by Aaron Ekblad.
7:10 of 1st period - Shot Misses the Net.
7:12 of 1st period - Slapshot by Seth Jones.
7:12 of 1st period - Shot Misses the Net.
7:14 of 1st period - Slapshot by Evgeni Dadonov.
7:14 of 1st period - Goal by Evgeni Dadonov - Jets : 0 - Oilers : 2.
7:15 of 1st period - Nathan MacKinnon wins face-off versus Nico Hischier in neutral zone.
7:21 of 1st period - Slapshot by Nathan MacKinnon.
7:21 of 1st period - Deflect By Zach Aston-Reese.
7:21 of 1st period - Stopped by Ryan Miller with a rebound.
7:23 of 1st period - Slapshot by Jonathan Ericsson.
7:23 of 1st period - Shot Blocked by Marc-Edouard Vlasic.
7:25 of 1st period - Snap shot by Nathan MacKinnon.
7:25 of 1st period - Goal by Nathan MacKinnon - Jets : 1 - Oilers : 2.
7:26 of 1st period - Evgeni Dadonov wins face-off versus Nathan MacKinnon in neutral zone.
7:28 of 1st period - Off-side.
7:29 of 1st period - Nathan MacKinnon wins face-off versus Connor McDavid in neutral zone.
7:54 of 1st period - Snap shot by Alex Galchenyuk.
7:54 of 1st period - Goal by Alex Galchenyuk - Jets : 2 - Oilers : 2.
7:55 of 1st period - Nathan MacKinnon wins face-off versus Nico Hischier in neutral zone.
8:20 of 1st period - Aaron Ekblad is hit by Jonathan Ericsson and loses puck.
8:25 of 1st period - Snap shot by Wayne Simmonds.
8:25 of 1st period - Shot Misses the Net.
8:27 of 1st period - Slapshot by Josh Manson.
8:27 of 1st period - Shot Blocked by Aaron Ekblad.
8:29 of 1st period - Snap shot by Alex Galchenyuk.
8:29 of 1st period - Shot Blocked by Connor McDavid.
8:33 of 1st period - Slapshot by Alex Galchenyuk.
8:33 of 1st period - Stopped by Ryan Miller without a rebound.
8:34 of 1st period - Nico Hischier wins face-off versus Nathan MacKinnon in Oilers zone.
9:28 of 1st period - Wrist shot by Victor Olofsson.
9:28 of 1st period - Shot Misses the Net.
9:39 of 1st period - Off-side.
9:40 of 1st period - Tyler Motte wins face-off versus Filip Chytil in neutral zone.
9:43 of 1st period - Slapshot by Seth Jones.
9:43 of 1st period - Stopped by MacKenzie Blackwood without a rebound.
9:44 of 1st period - Nathan MacKinnon wins face-off versus Tyler Motte in Jets zone.
9:55 of 1st period - Snap shot by Nathan MacKinnon.
9:55 of 1st period - Stopped by Ryan Miller with a rebound.
9:57 of 1st period - Snap shot by Jimmy Vesey.
9:57 of 1st period - Stopped by Ryan Miller without a rebound.
9:58 of 1st period - Connor McDavid wins face-off versus Colton Sissons in Oilers zone.
9:58 of 1st period - Connor McDavid is hit by Wayne Simmonds.
11:20 of 1st period - Matt Hunwick is hit by Nathan Gerbe and loses puck.
12:29 of 1st period - Icing by Matt Hunwick.
12:30 of 1st period - Connor McDavid wins face-off versus Filip Chytil in Jets zone.
12:41 of 1st period - Snap shot by Troy Terry.
12:41 of 1st period - Shot Misses the Net.
12:47 of 1st period - Connor McDavid is hit by Matt Hunwick.
14:22 of 1st period - Wrist shot by Troy Brouwer.
14:22 of 1st period - Stopped by Ryan Miller with a rebound.
14:24 of 1st period - Wrist shot by Josh Manson.
14:24 of 1st period - Shot Blocked by Nico Hischier.
14:40 of 1st period - Jordan Eberle is hit by Troy Brouwer.
15:06 of 1st period - Wrist shot by Jordan Eberle.
15:06 of 1st period - Deflect By Justin Abdelkader.
15:06 of 1st period - Deflect By Troy Brouwer.
15:06 of 1st period - Stopped by MacKenzie Blackwood with a rebound.
16:00 of 1st period - Slapshot by Janne Kuokkanen.
16:00 of 1st period - Stopped by Ryan Miller with a rebound.
16:02 of 1st period - Snap shot by Janne Kuokkanen.
16:02 of 1st period - Shot Blocked by Jordan Eberle.
16:04 of 1st period - Slapshot by Josh Manson.
16:04 of 1st period - Deflect By Victor Olofsson.
16:04 of 1st period - Stopped by Ryan Miller without a rebound.
16:05 of 1st period - Nathan MacKinnon wins face-off versus Connor McDavid in Oilers zone.
16:28 of 1st period - Josh Morrissey is hit by Seth Jones and loses puck.
16:43 of 1st period - Snap shot by Evgeni Dadonov.
16:43 of 1st period - Stopped by MacKenzie Blackwood with a rebound.
16:45 of 1st period - Slapshot by Connor McDavid.
16:45 of 1st period - Goal by Connor McDavid - Jets : 2 - Oilers : 3.
16:46 of 1st period - Colton Sissons wins face-off versus Zemgus Girgensons in neutral zone.
17:21 of 1st period - Snap shot by Connor McDavid.
17:21 of 1st period - Shot Misses the Net.
17:27 of 1st period - Wrist shot by Ryan Johansen.
17:27 of 1st period - Shot Blocked by Nathan MacKinnon.
17:37 of 1st period - Zach Aston-Reese is hit by Tyler Motte.
17:41 of 1st period - Wrist shot by Jimmy Vesey.
17:41 of 1st period - Goal by Jimmy Vesey - Jets : 3 - Oilers : 3.
17:42 of 1st period - Colton Sissons wins face-off versus Connor McDavid in neutral zone.
18:35 of 1st period - Snap shot by Nico Hischier.
18:35 of 1st period - Stopped by MacKenzie Blackwood without a rebound.
18:36 of 1st period - Filip Chytil wins face-off versus Connor McDavid in Jets zone.
19:03 of 1st period - Jordan Eberle is hit by Josh Manson and loses puck.
19:24 of 1st period - Jonathan Ericsson is hit by Erik Condra.
19:35 of 1st period - Slapshot by Nathan Gerbe.
19:35 of 1st period - Stopped by MacKenzie Blackwood without a rebound.
19:36 of 1st period - Connor McDavid wins face-off versus Colton Sissons in Jets zone.
Goals for this period are 3 for Jets vs 3 for Oilers.
Shots for this period are 12 for Jets vs 13 for Oilers.

2nd period


0:01 of 2nd period - Ryan Johansen wins face-off versus Nathan MacKinnon in neutral zone.
0:04 of 2nd period - Wrist shot by Evgeni Dadonov.
0:04 of 2nd period - Shot Misses the Net.
0:25 of 2nd period - Wayne Simmonds is hit by Jordan Eberle and loses puck.
0:34 of 2nd period - Snap shot by Nico Hischier.
0:34 of 2nd period - Shot Misses the Net.
0:48 of 2nd period - Marc-Edouard Vlasic is hit by Jonathan Ericsson and loses puck.
0:58 of 2nd period - Icing by Oliver Bjorkstrand.
0:59 of 2nd period - Zemgus Girgensons wins face-off versus Nathan MacKinnon in Oilers zone.
2:08 of 2nd period - Nathan Gerbe is hit by Jimmy Vesey and loses puck.
2:09 of 2nd period - Nathan Gerbe from Oilers is injured at 2:09 of 2nd period (Abdomen/Ribs).
2:10 of 2nd period - Ryan Johansen wins face-off versus Nathan MacKinnon in Oilers zone.
2:21 of 2nd period - Wrist shot by Connor McDavid.
2:21 of 2nd period - Deflect By Ryan Johansen.
2:21 of 2nd period - Goal by Ryan Johansen - Jets : 3 - Oilers : 4.
2:22 of 2nd period - Nathan MacKinnon wins face-off versus Connor McDavid in neutral zone.
3:35 of 2nd period - Wrist shot by Troy Brouwer.
3:35 of 2nd period - Stopped by Ryan Miller with a rebound.
3:37 of 2nd period - Wrist shot by Troy Brouwer.
3:37 of 2nd period - Stopped by Ryan Miller with a rebound.
4:11 of 2nd period - Mike Reilly is hit by Colton Sissons and loses puck.
4:18 of 2nd period - Snap shot by Colton Sissons.
4:18 of 2nd period - Deflect By Connor McDavid.
4:18 of 2nd period - Shot Hit the Post.
4:18 of 2nd period - Puck is out of play.
4:19 of 2nd period - Nico Hischier wins face-off versus Jimmy Vesey in Oilers zone.
4:44 of 2nd period - Josh Morrissey is hit by Zemgus Girgensons and loses puck.
4:53 of 2nd period - Snap shot by Alex Galchenyuk.
4:53 of 2nd period - Stopped by Ryan Miller with a rebound.
5:57 of 2nd period - Jonathan Ericsson is hit by Aaron Ekblad and loses puck.
6:08 of 2nd period - Zemgus Girgensons is hit by Zach Aston-Reese and loses puck.
6:35 of 2nd period - Snap shot by Seth Jones.
6:35 of 2nd period - Stopped by MacKenzie Blackwood with a rebound.
6:37 of 2nd period - Snap shot by Zemgus Girgensons.
6:37 of 2nd period - Deflect By Oliver Bjorkstrand.
6:37 of 2nd period - Shot Misses the Net.
6:37 of 2nd period - Puck is out of play.
6:38 of 2nd period - Connor McDavid wins face-off versus Colton Sissons in Jets zone.
7:05 of 2nd period - Marco Scandella is hit by Janne Kuokkanen and loses puck.
8:32 of 2nd period - Icing by Josh Morrissey.
8:33 of 2nd period - Nico Hischier wins face-off versus Nathan MacKinnon in Jets zone.
9:07 of 2nd period - Snap shot by Connor McDavid.
9:07 of 2nd period - Shot Blocked by Mark Pysyk.
9:09 of 2nd period - Snap shot by Evgeni Dadonov.
9:09 of 2nd period - Stopped by MacKenzie Blackwood with a rebound.
9:11 of 2nd period - Snap shot by Evgeni Dadonov.
9:11 of 2nd period - Stopped by MacKenzie Blackwood with a rebound.
9:26 of 2nd period - Snap shot by Oliver Bjorkstrand.
9:26 of 2nd period - Shot Blocked by Josh Manson.
9:40 of 2nd period - Wrist shot by Filip Chytil.
9:40 of 2nd period - Goal by Filip Chytil - Jets : 4 - Oilers : 4.
9:41 of 2nd period - Nathan MacKinnon wins face-off versus Connor McDavid in neutral zone.
9:44 of 2nd period - Wrist shot by Josh Morrissey.
9:44 of 2nd period - Stopped by Ryan Miller with a rebound.
9:56 of 2nd period - Slapshot by Connor McDavid.
9:56 of 2nd period - Stopped by MacKenzie Blackwood with a rebound.
9:58 of 2nd period - Slapshot by Aaron Ekblad.
9:58 of 2nd period - Stopped by MacKenzie Blackwood with a rebound.
10:38 of 2nd period - Zemgus Girgensons is hit by Josh Manson and loses puck.
10:48 of 2nd period - Icing by Mark Pysyk.
10:49 of 2nd period - Janne Kuokkanen wins face-off versus Tyler Motte in Jets zone.
11:14 of 2nd period - Wayne Simmonds is hit by Jordan Eberle and loses puck.
11:25 of 2nd period - Snap shot by Jordan Eberle.
11:25 of 2nd period - Shot Misses the Net.
12:04 of 2nd period - Wrist shot by Evgeni Dadonov.
12:04 of 2nd period - Shot Misses the Net.
12:06 of 2nd period - Snap shot by Ryan Johansen.
12:06 of 2nd period - Stopped by MacKenzie Blackwood with a rebound.
12:20 of 2nd period - Icing by Tyler Motte.
12:21 of 2nd period - Janne Kuokkanen wins face-off versus Tyler Motte in Oilers zone.
12:29 of 2nd period - Off-side.
12:30 of 2nd period - Colton Sissons wins face-off versus Connor McDavid in neutral zone.
12:41 of 2nd period - Wrist shot by Alex Galchenyuk.
12:41 of 2nd period - Shot Misses the Net.
12:43 of 2nd period - Slapshot by Josh Manson.
12:43 of 2nd period - Deflect By Alex Galchenyuk.
12:43 of 2nd period - Shot Misses the Net.
12:43 of 2nd period - Puck is out of play.
12:44 of 2nd period - Ryan Johansen wins face-off versus Nathan MacKinnon in Oilers zone.
13:10 of 2nd period - Justin Abdelkader is hit by Alex Galchenyuk and loses puck.
13:35 of 2nd period - Snap shot by Seth Jones.
13:35 of 2nd period - Shot Misses the Net.
13:37 of 2nd period - Slapshot by Seth Jones.
13:37 of 2nd period - Deflect By Oliver Bjorkstrand.
13:37 of 2nd period - Shot Misses the Net.
13:37 of 2nd period - Puck is out of play.
13:38 of 2nd period - Zemgus Girgensons wins face-off versus Nathan MacKinnon in Jets zone.
13:39 of 2nd period - Wrist shot by Oliver Bjorkstrand.
13:39 of 2nd period - Shot Blocked by Zach Aston-Reese.
14:11 of 2nd period - Wrist shot by Filip Chytil.
14:11 of 2nd period - Stopped by Ryan Miller without a rebound.
14:12 of 2nd period - Connor McDavid wins face-off versus Colton Sissons in Oilers zone.
14:20 of 2nd period - Off-side.
14:21 of 2nd period - Connor McDavid wins face-off versus Alex Galchenyuk in neutral zone.
14:26 of 2nd period - Snap shot by Ryan Johansen.
14:26 of 2nd period - Stopped by MacKenzie Blackwood without a rebound.
14:27 of 2nd period - Nathan MacKinnon wins face-off versus Connor McDavid in Jets zone.
14:29 of 2nd period - Minor Penalty to Nathan MacKinnon for Cross-checking.
14:30 of 2nd period - Connor McDavid wins face-off versus Colton Sissons in Jets zone.
15:02 of 2nd period - Slapshot by Seth Jones.
15:02 of 2nd period - Goal by Seth Jones - Jets : 4 - Oilers : 5.
15:03 of 2nd period - Connor McDavid wins face-off versus Colton Sissons in neutral zone.
15:06 of 2nd period - Colton Sissons is hit by Aaron Ekblad and loses puck.
15:47 of 2nd period - Snap shot by Ryan Johansen.
15:47 of 2nd period - Stopped by MacKenzie Blackwood without a rebound.
15:48 of 2nd period - Nico Hischier wins face-off versus Nathan MacKinnon in Jets zone.
18:00 of 2nd period - Snap shot by Zemgus Girgensons.
18:00 of 2nd period - Stopped by MacKenzie Blackwood without a rebound.
18:01 of 2nd period - Zemgus Girgensons wins face-off versus Nathan MacKinnon in Jets zone.
18:08 of 2nd period - Slapshot by Jimmy Vesey.
18:08 of 2nd period - Stopped by Ryan Miller without a rebound.
18:09 of 2nd period - Connor McDavid wins face-off versus Nathan MacKinnon in Oilers zone.
18:22 of 2nd period - Snap shot by Evgeni Dadonov.
18:22 of 2nd period - Stopped by MacKenzie Blackwood without a rebound.
18:23 of 2nd period - Connor McDavid wins face-off versus Colton Sissons in Jets zone.
18:30 of 2nd period - Slapshot by Ryan Johansen.
18:30 of 2nd period - Goal by Ryan Johansen - Jets : 4 - Oilers : 6.
18:30 of 2nd period - Jonathan Bernier enters game.
18:31 of 2nd period - Connor McDavid wins face-off versus Nathan MacKinnon in neutral zone.
18:57 of 2nd period - Icing by Ryan Johansen.
18:58 of 2nd period - Nico Hischier wins face-off versus Colton Sissons in Oilers zone.
19:45 of 2nd period - Slapshot by Conor Sheary.
19:45 of 2nd period - Shot Misses the Net.
19:53 of 2nd period - Slapshot by Janne Kuokkanen.
19:53 of 2nd period - Stopped by Ryan Miller with a rebound.
Goals for this period are 1 for Jets vs 3 for Oilers.
Shots for this period are 8 for Jets vs 13 for Oilers.

3rd period


0:01 of 3rd period - Zach Aston-Reese wins face-off versus Connor McDavid in neutral zone.
1:12 of 3rd period - Slapshot by Connor McDavid.
1:12 of 3rd period - Stopped by Jonathan Bernier without a rebound.
1:13 of 3rd period - Nathan MacKinnon wins face-off versus Nico Hischier in Jets zone.
1:20 of 3rd period - Slapshot by Josh Morrissey.
1:20 of 3rd period - Shot Blocked by Mike Reilly.
1:22 of 3rd period - Snap shot by Zach Aston-Reese.
1:22 of 3rd period - Shot Misses the Net.
1:24 of 3rd period - Slapshot by Jonathan Ericsson.
1:24 of 3rd period - Shot Blocked by Justin Abdelkader.
1:26 of 3rd period - Snap shot by Zach Aston-Reese.
1:26 of 3rd period - Stopped by Ryan Miller with a rebound.
1:28 of 3rd period - Wrist shot by Nathan MacKinnon.
1:28 of 3rd period - Shot Blocked by Jordan Eberle.
1:35 of 3rd period - Icing by Vince Dunn.
1:36 of 3rd period - Colton Sissons wins face-off versus Justin Abdelkader in Oilers zone.
1:37 of 3rd period - Wrist shot by Alex Galchenyuk.
1:37 of 3rd period - Shot Misses the Net.
1:39 of 3rd period - Snap shot by Alex Galchenyuk.
1:39 of 3rd period - Shot Misses the Net.
1:47 of 3rd period - Snap shot by Alex Galchenyuk.
1:47 of 3rd period - Stopped by Ryan Miller without a rebound.
1:48 of 3rd period - Nathan MacKinnon wins face-off versus Connor McDavid in Oilers zone.
2:41 of 3rd period - Snap shot by Janne Kuokkanen.
2:41 of 3rd period - Stopped by Ryan Miller without a rebound.
2:42 of 3rd period - Connor McDavid wins face-off versus Nathan MacKinnon in Oilers zone.
3:31 of 3rd period - Snap shot by Janne Kuokkanen.
3:31 of 3rd period - Stopped by Ryan Miller with a rebound.
3:33 of 3rd period - Snap shot by Victor Olofsson.
3:33 of 3rd period - Stopped by Ryan Miller without a rebound.
3:34 of 3rd period - Jimmy Vesey wins face-off versus Connor McDavid in Oilers zone.
3:41 of 3rd period - Backhand shot by Nathan MacKinnon.
3:41 of 3rd period - Shot Misses the Net.
4:01 of 3rd period - Off-side.
4:02 of 3rd period - Nico Hischier wins face-off versus Nathan MacKinnon in neutral zone.
4:14 of 3rd period - Snap shot by Nico Hischier.
4:14 of 3rd period - Shot Misses the Net.
4:16 of 3rd period - Snap shot by Jordan Eberle.
4:16 of 3rd period - Stopped by Jonathan Bernier without a rebound.
4:17 of 3rd period - Colton Sissons wins face-off versus Evgeni Dadonov in Jets zone.
4:24 of 3rd period - Wrist shot by Alex Galchenyuk.
4:24 of 3rd period - Stopped by Ryan Miller with a rebound.
4:26 of 3rd period - Slapshot by Josh Morrissey.
4:26 of 3rd period - Shot Blocked by Aaron Ekblad.
4:44 of 3rd period - Jimmy Vesey is hit by Nico Hischier and loses puck.
4:51 of 3rd period - Wrist shot by Jimmy Vesey.
4:51 of 3rd period - Stopped by Ryan Miller with a rebound.
5:03 of 3rd period - Slapshot by Conor Sheary.
5:03 of 3rd period - Deflect By Zemgus Girgensons.
5:03 of 3rd period - Shot Misses the Net.
5:03 of 3rd period - Puck is out of play.
5:04 of 3rd period - Zemgus Girgensons wins face-off versus Victor Olofsson in Jets zone.
5:53 of 3rd period - Wrist shot by Janne Kuokkanen.
5:53 of 3rd period - Deflect By Troy Brouwer.
5:53 of 3rd period - Shot Blocked by Oliver Bjorkstrand.
5:53 of 3rd period - Puck is out of play.
5:54 of 3rd period - Connor McDavid wins face-off versus Nathan MacKinnon in Oilers zone.
6:47 of 3rd period - Minor Penalty to Aaron Ekblad for High sticking.
6:48 of 3rd period - Nathan MacKinnon wins face-off versus Connor McDavid in Oilers zone.
8:08 of 3rd period - Marc-Edouard Vlasic is hit by Colton Sissons and loses puck.
8:21 of 3rd period - Troy Brouwer is hit by Marc-Edouard Vlasic and loses puck.
8:47 of 3rd period - Penalty to Aaron Ekblad is over, Aaron Ekblad is back on ice.
8:56 of 3rd period - Brett Ritchie is hit by Zemgus Girgensons and loses puck.
9:05 of 3rd period - Erik Condra is hit by Brett Ritchie and loses puck.
9:16 of 3rd period - Troy Brouwer is hit by Jordan Eberle and loses puck.
10:19 of 3rd period - Brett Ritchie is hit by Tyler Motte and loses puck.
10:45 of 3rd period - Conor Sheary is hit by Josh Manson and loses puck.
11:13 of 3rd period - Jimmy Vesey is hit by Mike Reilly.
11:27 of 3rd period - Wrist shot by Jordan Eberle.
11:27 of 3rd period - Deflect By Nico Hischier.
11:27 of 3rd period - Stopped by Jonathan Bernier without a rebound.
11:28 of 3rd period - Nico Hischier wins face-off versus Janne Kuokkanen in Jets zone.
11:53 of 3rd period - Nico Hischier is hit by Colton Sissons and loses puck.
11:58 of 3rd period - Slapshot by Colton Sissons.
11:58 of 3rd period - Shot Misses the Net.
12:00 of 3rd period - Slapshot by Mark Pysyk.
12:00 of 3rd period - Shot Blocked by Justin Abdelkader.
12:02 of 3rd period - Wrist shot by Alex Galchenyuk.
12:02 of 3rd period - Stopped by Ryan Miller with a rebound.
12:04 of 3rd period - Wrist shot by Colton Sissons.
12:04 of 3rd period - Stopped by Ryan Miller with a rebound.
12:06 of 3rd period - Slapshot by Mark Pysyk.
12:06 of 3rd period - Deflect By Wayne Simmonds.
12:06 of 3rd period - Stopped by Ryan Miller with a rebound.
12:21 of 3rd period - Ryan Johansen is hit by Nathan MacKinnon and loses puck.
12:42 of 3rd period - Wrist shot by Janne Kuokkanen.
12:42 of 3rd period - Deflect By Ryan Johansen.
12:42 of 3rd period - Shot Misses the Net.
12:42 of 3rd period - Puck is out of play.
12:43 of 3rd period - Janne Kuokkanen wins face-off versus Zemgus Girgensons in Oilers zone.
12:44 of 3rd period - Snap shot by Victor Olofsson.
12:44 of 3rd period - Stopped by Ryan Miller with a rebound.
14:27 of 3rd period - Josh Manson is hit by Nico Hischier and loses puck.
14:47 of 3rd period - Zemgus Girgensons is hit by Zach Aston-Reese and loses puck.
15:04 of 3rd period - Josh Manson is hit by Erik Condra and loses puck.
15:58 of 3rd period - Wrist shot by Erik Condra.
15:58 of 3rd period - Shot Misses the Net.
16:00 of 3rd period - Snap shot by Erik Condra.
16:00 of 3rd period - Stopped by Jonathan Bernier with a rebound.
16:02 of 3rd period - Slapshot by Marc-Edouard Vlasic.
16:02 of 3rd period - Stopped by Jonathan Bernier with a rebound.
16:04 of 3rd period - Wrist shot by Tyler Motte.
16:04 of 3rd period - Stopped by Jonathan Bernier with a rebound.
16:06 of 3rd period - Slapshot by Marco Scandella.
16:06 of 3rd period - Deflect By Erik Condra.
16:06 of 3rd period - Stopped by Jonathan Bernier without a rebound.
16:07 of 3rd period - Nathan MacKinnon wins face-off versus Evgeni Dadonov in Jets zone.
16:18 of 3rd period - Wrist shot by Ryan Johansen.
16:18 of 3rd period - Shot Misses the Net.
16:34 of 3rd period - Seth Jones is hit by Colton Sissons and loses puck.
16:55 of 3rd period - Wrist shot by Victor Olofsson.
16:55 of 3rd period - Shot Blocked by Oliver Bjorkstrand.
17:29 of 3rd period - Snap shot by Zach Aston-Reese.
17:29 of 3rd period - Stopped by Ryan Miller without a rebound.
17:30 of 3rd period - Nathan MacKinnon wins face-off versus Connor McDavid in Oilers zone.
17:37 of 3rd period - Wrist shot by Nathan MacKinnon.
17:37 of 3rd period - Stopped by Ryan Miller with a rebound.
17:43 of 3rd period - Slapshot by Seth Jones.
17:43 of 3rd period - Shot Blocked by Zach Aston-Reese.
17:45 of 3rd period - Wrist shot by Connor McDavid.
17:45 of 3rd period - Shot Misses the Net.
17:47 of 3rd period - Slapshot by Aaron Ekblad.
17:47 of 3rd period - Stopped by Jonathan Bernier without a rebound.
17:48 of 3rd period - Nico Hischier wins face-off versus Colton Sissons in Jets zone.
17:53 of 3rd period - Wrist shot by Nico Hischier.
17:53 of 3rd period - Stopped by Jonathan Bernier with a rebound.
17:59 of 3rd period - Snap shot by Jordan Eberle.
17:59 of 3rd period - Shot Misses the Net.
18:03 of 3rd period - Snap shot by Nico Hischier.
18:03 of 3rd period - Stopped by Jonathan Bernier without a rebound.
18:04 of 3rd period - Nathan MacKinnon wins face-off versus Connor McDavid in Jets zone.
18:13 of 3rd period - Wrist shot by Connor McDavid.
18:13 of 3rd period - Stopped by Jonathan Bernier without a rebound.
18:14 of 3rd period - Connor McDavid wins face-off versus Nathan MacKinnon in Jets zone.
18:23 of 3rd period - Wrist shot by Connor McDavid.
18:23 of 3rd period - Stopped by Jonathan Bernier with a rebound.
18:25 of 3rd period - Wrist shot by Ryan Johansen.
18:25 of 3rd period - Stopped by Jonathan Bernier with a rebound.
18:27 of 3rd period - Wrist shot by Evgeni Dadonov.
18:27 of 3rd period - Shot Blocked by Jonathan Ericsson.
18:39 of 3rd period - Snap shot by Evgeni Dadonov.
18:39 of 3rd period - Shot Blocked by Nathan MacKinnon.
18:53 of 3rd period - Slapshot by Connor McDavid.
18:53 of 3rd period - Stopped by Jonathan Bernier without a rebound.
18:54 of 3rd period - Nico Hischier wins face-off versus Colton Sissons in Jets zone.
19:46 of 3rd period - Slapshot by Seth Jones.
19:46 of 3rd period - Deflect By Zemgus Girgensons.
19:46 of 3rd period - Deflect By Alex Galchenyuk.
19:46 of 3rd period - Shot Blocked by Alex Galchenyuk.
19:46 of 3rd period - Puck is out of play.
19:47 of 3rd period - Nathan MacKinnon wins face-off versus Connor McDavid in Jets zone.
Goals for this period are 0 for Jets vs 0 for Oilers.
Shots for this period are 13 for Jets vs 14 for Oilers.